| TOP OF THE 1ST |
|
California Angels batting - Pitching for Oakland Athletics : RHP Taek-gyun Kym
|
|
Pitching: RHP Taek-gyun Kym
|
|
|
Batting: SHB Aldo Questi
|
0-0: Called Strike 0-1: Ball 1-1: Ground out U3 (Groundball, 3L, EV 85.0 MPH)
|
|
Batting: RHB Preston Deakyne
|
0-0: Ball 1-0: Ball 2-0: Ball 3-0: Base on Balls
|
|
Batting: LHB Josh Cook
|
0-0: Foul Ball, location: 2F 0-1: Ball 1-1: SINGLE (Line Drive, 7S, EV 112.5 MPH) Preston Deakyne to second Runner from 2nd tries for 3rd, SAFE, no throw by LF
|
|
Batting: RHB Alain Delhaye
|
0-0: Ball 1-0: Called Strike 1-1: TRIPLE (Flyball, 78XD, EV 106.9 MPH) Preston Deakyne scores Josh Cook scores
|
|
Batting: RHB Dietmar Warmisch
|
0-0: Called Strike 0-1: Ground out 4-3 (Groundball, 4MD, EV 101.9 MPH) Alain Delhaye scores
|
|
Batting: RHB Nick Dunn
|
0-0: Called Strike 0-1: Foul Ball, location: 2F 0-2: Ball 1-2: Fly out, F8 (Flyball, 8LM, EV 76.9 MPH)
|
| Top of the 1st over - 3 runs, 2 hits, 0 errors, 0 left on base; California 3 - Oakland 0 |
| BOTTOM OF THE 1ST |
|
Oakland Athletics batting - Pitching for California Angels : RHP Danny White
|
|
Pitching: RHP Danny White
|
|
|
Batting: RHB Muneo Kawachi
|
0-0: Called Strike 0-1: Ball 1-1: Ball 2-1: SINGLE (Line Drive, 34D, EV 95.6 MPH)
|
|
Batting: SHB Ryan Langlois
|
0-0: Ball 1-0: Ball 2-0: Ball 3-0: Called Strike 3-1: Called Strike 3-2: Foul Ball, location: 2F 3-2: DOUBLE (Line Drive, 78M, EV 103.8 MPH) Muneo Kawachi to third
|
|
Batting: LHB Nate Dean
|
0-0: DOUBLE (Line Drive, 7LD, EV 108.8 MPH) Muneo Kawachi scores Ryan Langlois scores
|
|
Batting: LHB Sakae Kasahara
|
0-0: Foul Ball, location: 2F 0-1: Ball 1-1: Ball 2-1: Ball 3-1: Swinging Strike 3-2: Foul Ball, location: 2F 3-2: Ground out 4-3 (Groundball, 4, EV 107.5 MPH) Nate Dean to third
|
|
Batting: SHB Bob Morales
|
0-0: Ball 1-0: Called Strike 1-1: Ball Balk! Nate Dean scores 2-1: Fly out, F4 (Line Drive, 4, EV 76.3 MPH)
|
|
Batting: LHB George Leary
|
0-0: Ball 1-0: Called Strike 1-1: Fly out, F7 (Line Drive, 7, EV 86.3 MPH)
|
| Bottom of the 1st over - 3 runs, 3 hits, 0 errors, 0 left on base; California 3 - Oakland 3 |
| TOP OF THE 2ND |
|
California Angels batting - Pitching for Oakland Athletics : RHP Taek-gyun Kym
|
|
Batting: LHB Jack Bell
|
0-0: Ball 1-0: Called Strike 1-1: Ball 2-1: Ball 3-1: Called Strike 3-2: Strikes out swinging
|
|
Batting: RHB Danny Odom
|
0-0: Swinging Strike 0-1: Ball 1-1: Ball 2-1: Foul Ball, location: 2F 2-2: Foul Ball, location: 2F 2-2: Foul Ball, location: 2F 2-2: Strikes out swinging
|
|
Batting: LHB Javier Trujillo
|
0-0: Called Strike 0-1: Ball 1-1: Foul Ball, location: 2F 1-2: Ball 2-2: Ball 3-2: Fly out, F8 (Flyball, 8RS, EV 92.5 MPH)
|
| Top of the 2nd over - 0 runs, 0 hits, 0 errors, 0 left on base; California 3 - Oakland 3 |
| BOTTOM OF THE 2ND |
|
Oakland Athletics batting - Pitching for California Angels : RHP Danny White
|
|
Batting: SHB Robert Handy
|
0-0: Ball 1-0: Ball 2-0: Foul Ball, location: 2F 2-1: Fly out, F3 (Line Drive, 3, EV 75.0 MPH)
|
|
Batting: RHB Sébastien Piat
|
0-0: Called Strike 0-1: Ball 1-1: Foul Ball, location: 2F 1-2: Ball 2-2: Ball 3-2: Fly out, F8 (Line Drive, 8RM, EV 101.9 MPH)
|
|
Batting: RHB Danny Murillo
|
0-0: Ball 1-0: Ball 2-0: Foul Ball, location: 2F 2-1: Called Strike 2-2: Ball 3-2: Strikes out swinging
|
| Bottom of the 2nd over - 0 runs, 0 hits, 0 errors, 0 left on base; California 3 - Oakland 3 |
| TOP OF THE 3RD |
|
California Angels batting - Pitching for Oakland Athletics : RHP Taek-gyun Kym
|
|
Batting: SHB Aldo Questi
|
0-0: Ball 1-0: Ball 2-0: Called Strike 2-1: Swinging Strike 2-2: Ball 3-2: Ground out 6-3 (Groundball, 6, EV 87.5 MPH)
|
|
Batting: RHB Preston Deakyne
|
0-0: Called Strike 0-1: SINGLE (Groundball, P, EV 84.4 MPH) (infield hit)
|
|
Batting: LHB Josh Cook
|
0-0: Ball Preston Deakyne steals 2nd base 1-0: Ball 2-0: Ball 3-0: Swinging Strike 3-1: Swinging Strike 3-2: Strikes out looking
|
|
Batting: RHB Alain Delhaye
|
0-0: Called Strike 0-1: TRIPLE (Flyball, 9LD, EV 103.1 MPH) Preston Deakyne scores
|
|
Batting: RHB Dietmar Warmisch
|
0-0: Called Strike 0-1: Called Strike 0-2: Fly out, F6 (Popup, P, EV 81.3 MPH)
|
| Top of the 3rd over - 1 run, 2 hits, 0 errors, 1 left on base; California 4 - Oakland 3 |
| BOTTOM OF THE 3RD |
|
Oakland Athletics batting - Pitching for California Angels : RHP Danny White
|
|
Batting: RHB Muneo Kawachi
|
0-0: Called Strike 0-1: Ball 1-1: Foul Ball, location: 2F 1-2: Ball 2-2: Foul Ball, location: 2F 2-2: Strikes out swinging
|
|
Batting: SHB Ryan Langlois
|
0-0: Fly out, F9 (Flyball, 9, EV 90.6 MPH)
|
|
Batting: LHB Nate Dean
|
0-0: Ball 1-0: Called Strike 1-1: Ball 2-1: Ball 3-1: Foul Ball, location: 2F 3-2: Base on Balls
|
|
Batting: LHB Sakae Kasahara
|
0-0: Ball 1-0: Ball 2-0: Called Strike 2-1: Foul Ball, location: 2F 2-2: SINGLE (Flyball, 34D, EV 85.6 MPH) Nate Dean to second Runner from 2nd tries for 3rd, SAFE, throw by RF made to third
|
|
Batting: SHB Bob Morales
|
0-0: Ball 1-0: Foul Ball, location: 2F 1-1: Fly out, F8 (Flyball, 89D, EV 98.1 MPH)
|
| Bottom of the 3rd over - 0 runs, 1 hit, 0 errors, 2 left on base; California 4 - Oakland 3 |
| TOP OF THE 4TH |
|
California Angels batting - Pitching for Oakland Athletics : RHP Taek-gyun Kym
|
|
Batting: RHB Nick Dunn
|
0-0: Called Strike 0-1: Swinging Strike 0-2: Ground out 6-3 (Groundball, 6S, EV 78.1 MPH)
|
|
Batting: LHB Jack Bell
|
0-0: Ball 1-0: Ground out 4-3 (Groundball, 4, EV 103.8 MPH)
|
|
Batting: RHB Danny Odom
|
0-0: Foul Ball, location: 2F 0-1: Swinging Strike 0-2: Strikes out swinging
|
| Top of the 4th over - 0 runs, 0 hits, 0 errors, 0 left on base; California 4 - Oakland 3 |
| BOTTOM OF THE 4TH |
|
Oakland Athletics batting - Pitching for California Angels : RHP Danny White
|
|
Batting: LHB George Leary
|
0-0: Ball 1-0: Foul Ball, location: 2F 1-1: Called Strike 1-2: Ball 2-2: Strikes out swinging
|
|
Batting: SHB Robert Handy
|
0-0: Called Strike 0-1: Foul Ball, location: 2F 0-2: Ball 1-2: Ball 2-2: Fly out, F3 (Line Drive, 3, EV 71.3 MPH)
|
|
Batting: RHB Sébastien Piat
|
0-0: Ball 1-0: Called Strike 1-1: Fly out, F8 (Flyball, 89XD, EV 81.9 MPH)
|
| Bottom of the 4th over - 0 runs, 0 hits, 0 errors, 0 left on base; California 4 - Oakland 3 |
| TOP OF THE 5TH |
|
California Angels batting - Pitching for Oakland Athletics : RHP Taek-gyun Kym
|
|
Batting: LHB Javier Trujillo
|
0-0: Ball 1-0: Ball 2-0: Foul Ball, location: 2F 2-1: Fly out, F8 (Flyball, 8RD, EV 88.1 MPH)
|
|
Batting: SHB Aldo Questi
|
0-0: Ball 1-0: Ball 2-0: Called Strike 2-1: Foul Ball, location: 2F 2-2: Ball 3-2: Ground out 4-3 (Groundball, 4D, EV 109.4 MPH)
|
|
Batting: RHB Preston Deakyne
|
0-0: Ball 1-0: DOUBLE (Line Drive, 78XD, EV 103.8 MPH)
|
|
Batting: LHB Josh Cook
|
0-0: Foul Ball, location: 2F 0-1: Foul Ball, location: 2F 0-2: Foul Ball, location: 2F 0-2: Ball 1-2: SINGLE (Groundball, 56D, EV 97.5 MPH) Preston Deakyne to third Runner from 3rd tries for Home, SAFE, throw by LF to home
|
|
Batting: RHB Alain Delhaye
|
0-0: Ball Josh Cook is caught stealing 2nd base 2-4
|
| Top of the 5th over - 1 run, 2 hits, 0 errors, 0 left on base; California 5 - Oakland 3 |
| BOTTOM OF THE 5TH |
|
Oakland Athletics batting - Pitching for California Angels : RHP Danny White
|
|
Batting: RHB Danny Murillo
|
0-0: Ball 1-0: Ball 2-0: Ball 3-0: Fly out, F8 (Line Drive, 8LM, EV 89.4 MPH)
|
|
Batting: RHB Muneo Kawachi
|
0-0: Ball 1-0: Fly out, F6 (Flyball, 56D, EV 82.5 MPH)
|
|
Batting: SHB Ryan Langlois
|
0-0: Foul Ball, location: 2F 0-1: Ground out 4-3 (Groundball, 4, EV 77.5 MPH)
|
| Bottom of the 5th over - 0 runs, 0 hits, 0 errors, 0 left on base; California 5 - Oakland 3 |
| TOP OF THE 6TH |
|
California Angels batting - Pitching for Oakland Athletics : RHP Taek-gyun Kym
|
|
Batting: RHB Alain Delhaye
|
0-0: Ball 1-0: Fly out, F8 (Flyball, 8LM, EV 91.9 MPH)
|
|
Batting: RHB Dietmar Warmisch
|
0-0: Called Strike 0-1: Ball 1-1: Foul Ball, location: 2F 1-2: Foul Ball, location: 2F 1-2: Strikes out looking
|
|
Batting: RHB Nick Dunn
|
0-0: Called Strike 0-1: Ball 1-1: Foul Ball, location: 2F 1-2: TRIPLE (Flyball, 78XD, EV 94.4 MPH)
|
|
Pitching: RHP John Owens
|
|
|
Batting: LHB Jack Bell
|
0-0: Ball 1-0: Ball 2-0: Called Strike 2-1: Called Strike 2-2: Strikes out swinging
|
| Top of the 6th over - 0 runs, 1 hit, 0 errors, 1 left on base; California 5 - Oakland 3 |
| BOTTOM OF THE 6TH |
|
Oakland Athletics batting - Pitching for California Angels : RHP Danny White
|
|
Batting: LHB Nate Dean
|
0-0: Foul Ball, location: 2F 0-1: Swinging Strike 0-2: Foul Ball, location: 2F 0-2: Foul Ball, location: 2F 0-2: Ball 1-2: Strikes out swinging
|
|
Batting: LHB Sakae Kasahara
|
0-0: Called Strike 0-1: Called Strike 0-2: Strikes out looking
|
|
Batting: SHB Bob Morales
|
0-0: Ball 1-0: Swinging Strike 1-1: Foul Ball, location: 2F 1-2: Foul Ball, location: 2F 1-2: Ball 2-2: Strikes out swinging
|
| Bottom of the 6th over - 0 runs, 0 hits, 0 errors, 0 left on base; California 5 - Oakland 3 |
| TOP OF THE 7TH |
|
California Angels batting - Pitching for Oakland Athletics : RHP John Owens
|
|
Batting: RHB Danny Odom
|
0-0: Ground out 4-3 (Groundball, 4, EV 91.9 MPH)
|
|
Batting: LHB Javier Trujillo
|
0-0: Ball 1-0: Called Strike 1-1: Foul Ball, location: 2F 1-2: Ball 2-2: SINGLE (Groundball, 5S, EV 74.4 MPH) (infield hit)
|
|
Batting: SHB Aldo Questi
|
0-0: Called Strike Javier Trujillo steals 2nd base 0-1: Ground out 1-3 (Groundball, 13, EV 75.0 MPH) Javier Trujillo to third
|
|
Batting: RHB Preston Deakyne
|
0-0: Ball 1-0: Called Strike 1-1: Called Strike 1-2: Ball 2-2: Ground out 6-3 (Groundball, 6, EV 97.5 MPH)
|
| Top of the 7th over - 0 runs, 1 hit, 0 errors, 1 left on base; California 5 - Oakland 3 |
| BOTTOM OF THE 7TH |
|
Oakland Athletics batting - Pitching for California Angels : RHP Danny White
|
|
Pitching: LHP Dan Poirier
|
|
|
Batting: LHB George Leary
|
0-0: Foul Ball, location: 2F 0-1: Swinging Strike 0-2: Foul Ball, location: 2F 0-2: Fly out, F7 (Flyball, 7D, EV 98.1 MPH)
|
|
Pitching: RHP Juan Gomez
|
|
|
Batting: SHB Robert Handy
|
0-0: Foul Ball, location: 2F 0-1: Called Strike 0-2: Strikes out swinging
|
|
Batting: RHB Sébastien Piat
|
0-0: Ground out 5-3 (Groundball, 5, EV 107.5 MPH)
|
| Bottom of the 7th over - 0 runs, 0 hits, 0 errors, 0 left on base; California 5 - Oakland 3 |
| TOP OF THE 8TH |
|
California Angels batting - Pitching for Oakland Athletics : RHP John Owens
|
|
Batting: LHB Josh Cook
|
0-0: Ball 1-0: Called Strike 1-1: Foul Ball, location: 2F 1-2: Ground out U3 (Groundball, 3S, EV 83.8 MPH)
|
|
Batting: RHB Alain Delhaye
|
0-0: Called Strike 0-1: Swinging Strike 0-2: Fly out, F8 (Line Drive, 8RD, EV 91.9 MPH)
|
|
Batting: RHB Dietmar Warmisch
|
0-0: Fly out, F3 (Popup, 3SF, EV 83.8 MPH)
|
| Top of the 8th over - 0 runs, 0 hits, 0 errors, 0 left on base; California 5 - Oakland 3 |
| BOTTOM OF THE 8TH |
|
Oakland Athletics batting - Pitching for California Angels : RHP Juan Gomez
|
|
Batting: RHB Danny Murillo
|
0-0: Called Strike 0-1: Foul Ball, location: 2F 0-2: Foul Ball, location: 2F 0-2: Ball 1-2: Ball 2-2: Strikes out looking
|
|
Batting: RHB Muneo Kawachi
|
0-0: Ball 1-0: Called Strike 1-1: Ball 2-1: Ball 3-1: Called Strike 3-2: Ground out 5-3 (Groundball, 5L, EV 80.6 MPH)
|
|
Batting: SHB Ryan Langlois
|
0-0: Called Strike 0-1: Foul Ball, location: 2F 0-2: Ball 1-2: Ball 2-2: Ground out 4-3 (Groundball, 4MS, EV 68.1 MPH)
|
| Bottom of the 8th over - 0 runs, 0 hits, 0 errors, 0 left on base; California 5 - Oakland 3 |
| TOP OF THE 9TH |
|
California Angels batting - Pitching for Oakland Athletics : RHP John Owens
|
|
Batting: RHB Nick Dunn
|
0-0: Ball 1-0: Ball 2-0: Called Strike 2-1: Ball 3-1: Base on Balls
|
|
Batting: LHB Jack Bell
|
0-0: Called Strike Nick Dunn steals 2nd base 0-1: Fly out, F8 (Flyball, 78M, EV 81.3 MPH)
|
|
Batting: RHB Danny Odom
|
0-0: Called Strike 0-1: Ball 1-1: Fly out, F8 (Flyball, 89D, EV 100.0 MPH) Runner from 2nd tags up, SAFE at 3rd, no throw by CF
|
|
Batting: LHB Javier Trujillo
|
0-0: Fly out, F8 (Flyball, 89D, EV 109.4 MPH)
|
| Top of the 9th over - 0 runs, 0 hits, 0 errors, 1 left on base; California 5 - Oakland 3 |
| BOTTOM OF THE 9TH |
|
Oakland Athletics batting - Pitching for California Angels : RHP Juan Gomez
|
|
Pitching: RHP Ryan Terlizzi
|
|
|
Batting: LHB Nate Dean
|
0-0: SINGLE (Groundball, 34D, EV 95.6 MPH)
|
|
Batting: LHB Sakae Kasahara
|
0-0: Ball 1-0: Called Strike 1-1: Swinging Strike 1-2: Foul Ball, location: 2F 1-2: Foul Ball, location: 2F 1-2: Strikes out swinging
|
|
Batting: SHB Bob Morales
|
0-0: Called Strike 0-1: Swinging Strike 0-2: Ball 1-2: Grounds into double play, 5-4-3 (Groundball, 56, EV 101.9 MPH)
|
| Bottom of the 9th over - 0 runs, 1 hit, 0 errors, 0 left on base; California 5 - Oakland 3 |
|